 Dungeon Crawl Stone Soup version 0.27.1-34-g3ba077fa99 (webtiles) character file.

Game seed: 13822130416283019

35 Sharkman1231 the Vexing (level 3, 0/26 HPs)
             Began as a Demonspawn Enchanter on Jan 16, 2022.
             Slain by a ball python (2 damage)
             ... on level 3 of the Dungeon.
             The game lasted 00:01:46 (3543 turns).

Sharkman1231 the Vexing (Demonspawn Enchanter)      Turns: 3543, Time: 00:01:47

Health: 0/26       AC:  2    Str:  8    XL:     3   Next: 17%
Magic:  6/6        EV:  9    Int: 16    God:
Gold:   91         SH:  4    Dex: 14    Spells: 3/6 levels left

rFire    . . .     SeeInvis .   a - +2 dagger
rCold    . . .     Faith    .   (no shield)
rNeg     . . .     Spirit   .   b - +0 robe
rPois    .         Reflect  .   (no helmet)
rElec    .         Harm     .   (no cloak)
rCorr    .         Rampage  .   (no gloves)
Will     .....                  (no boots)
Stlth    ++........             (no amulet)
HPRegen  0.08/turn              (no ring)
MPRegen  0.10/turn              (no ring)

@: constricted
A: large bone plates 1
a: no special abilities


You were on level 3 of the Dungeon.
You visited 1 branch of the dungeon, and saw 3 of its levels.

You collected 91 gold pieces.

Inventory:

Hand Weapons
 a - a +2 dagger (weapon)
 i - a +0 rapier
Armour
 b - a +0 robe (worn)
Magical Staves
 g - a staff of fire
Scrolls
 c - a scroll of fog
 f - 2 scrolls of amnesia {unknown}
 h - a scroll of immolation {unknown}
 j - a scroll of identify {unknown}


   Skills:
 + Level 1.0 Fighting
 + Level 1.4 Short Blades
 + Level 2.1 Dodging
 + Level 3.0 Stealth
 - Level 2.0 Spellcasting
 + Level 3.2 Hexes
 + Level 0.3 Ice Magic


You had 3 spell levels left.
You knew the following spells:

 Your Spells              Type           Power      Damage    Failure   Level
a - Ensorcelled Hibernat  Hex/Ice        14%        N/A       16%         2
b - Corona                Hex            13%        N/A       5%          1

Your spell library contained the following spells:

 Spells                   Type           Power      Damage    Failure   Level
 Confusing Touch          Hex            12%        N/A       16%         3
 Tukima's Dance           Hex            12%        N/A       16%         3
 Dazzling Flash           Conj/Hex       12%        N/A       32%         3


Dungeon Overview and Level Annotations

Branches:
Dungeon (3/15)

Altars:

Annotations:
D:3 Robin


Innate Abilities, Weirdness & Mutations

You are partially covered in large bone plates. (SH +4)


Message History

The goblin hits you with a +0 club. The goblin barely misses you.
The hobgoblin closely misses you. The goblin closely misses you.
The goblin hits you with a +0 club.
Unknown command.
Unknown command.
Unknown command.
You escape the ball python's grasp.
The goblin misses you. You block the goblin's attack. The hobgoblin hits you.
The goblin hits you but does no damage. The goblin hits you with a +0 club.
The ball python bites you. The ball python grabs you.
You stop ascending the stairs.
The ball python constricts you.
Robin roars a battlecry!
The goblins go into a battle-frenzy!
The goblin shouts!
Unknown command.
Unknown command.
Okay, then.
You escape the ball python's grasp.
The goblin misses you. Robin throws the goblin at you!
The ball python misses you. The ball python grabs you.
The ball python constricts you.
Unknown command.
It was a potion of heal wounds.
You feel much better. The goblin barely misses you.
The goblin hits you with a +0 club. x2
The goblin hits you with a +0 dagger. The ball python bites you.
The ball python constricts you.
Unknown command.
As you read the scroll labelled LUIRGH JIEBUT, it crumbles to dust.
The scroll dissolves into smoke.
It was a scroll of fog.
The goblin barely misses you. The goblin hits you with a +0 club.
* * * LOW HITPOINT WARNING * * *
The goblin closely misses you. The ball python closely misses you.
The ball python constricts you.
* * * LOW HITPOINT WARNING * * *
The goblin hits you with a +0 dagger.
* * * LOW HITPOINT WARNING * * *
Unknown command.
As you read the scroll labelled ALAOFO INLEBRU, it crumbles to dust.
It is a scroll of enchant weapon.
Your +1 dagger glows red for a moment.
The ball python bites you.
You die...

##### #...#
#...#
####ggg###.#
#.g§S@g....#
#..gggg....#
#..gggg...##
..........####
#######...#
#...# #####


You could see Robin, a hobgoblin (strong), 10 goblins and a ball python.

Vanquished Creatures
  A worm (D:2)
  A dart slug (D:1)
  4 endoplasms
  A giant cockroach (D:2)
  A goblin (D:2)
  A quokka (D:2)
  4 ball pythons
  9 bats
  4 kobolds
  3 rats (D:1)
29 creatures vanquished.

Vanquished Creatures (others)
  2 fungi (D:1)
  4 plants (D:1)
6 creatures vanquished.

Grand Total: 35 creatures vanquished

Notes
Turn   | Place    | Note
-------+----------+-------------------------------------------
     0 | D:1      | Sharkman1231 the Demonspawn Enchanter began the quest for
                  | the Orb.
     0 | D:1      | Reached XP level 1. HP: 13/13 MP: 3/3
    89 | D:1      | Reached skill level 1 in Short Blades
   664 | D:1      | Gained mutation: You are partially covered in large bone
                  | plates. (SH +4) [demonic ancestry]
   664 | D:1      | Reached XP level 2. HP: 11/20 MP: 5/5
  1254 | D:1      | Found a faded altar of an unknown god.
  1258 | D:1      | Learned a level 2 spell: Ensorcelled Hibernation
  2650 | D:2      | Reached skill level 1 in Fighting
  2660 | D:2      | Reached XP level 3. HP: 26/26 MP: 6/6
  3537 | D:3      | Noticed Robin
  3543 | D:3      | Slain by a ball python

Illustrated notes

Levels and vault maps discovered:
D:1:      grunt_arrival_crossed_arrows, layout_basic,
          dreamdust_ecumenical_altar_grove, hex_large, minmay_tiny_reverse_x
D:2:      layout_basic
D:3:      layout_loops_cross, uniq_robin

Skill      XL: |  1  2 |
---------------+-------+-----
Short Blades   | 1 |  1.4
Dodging        | 2 |  2.1
Stealth        | 3 |  3.0
Fighting       | 1 |  1.0
Spellcasting   | |  2.0
Hexes          | |  3.2
Ice Magic      | |  0.3

Action                   || total
-------------------------++-------
Melee: Dagger            ||   168
 Cast: Ensorcelled Hiber ||     3
       Corona            ||     1
  Use: Scroll            ||     2
       Potion            ||     1
 Stab: Sleeping          ||     7
Armor: Robe              ||    37
Dodge: Dodged            ||   121
Block: Other             ||    25
